Map: Kairos Junction LE

Players

Stropheum - Winner!

  • Race: Zerg Zerg
  • League: Diamond
  • Spawn Location: 11:00

LastHorizon

  • Race: Protoss Protoss
  • League: Diamond
  • Spawn Location: 5:00

VOD

Have the link to the VOD?

Description

Time

  • Played on: Feb. 2, 2019, 2:25 a.m.
  • Length: 19:19
Show
View Real Time Build Order
Export as new Build Order

Stropheum Zerg - Winner!

Build Orders: Hatch First 

Get SALT Encoding   

  12  0:01  Drone  
  13  0:14  Overlord  
  13  0:16  Drone  
  14  0:32  Drone x2  
  16  0:49  Hatchery  
  15  0:52  Drone  
  15  0:56  Drone  
  17  0:59  Drone  
  18  1:10  Extractor  
  17  1:19  Drone, Spawning Pool  
  17  1:22  Drone  
  18  1:29  Drone  
  19  1:40  Drone  
  20  1:51  Overlord  
  20  2:06  Queen x2, Zergling x2  
  20  2:07  Zergling x2  
  26  2:14  Metabolic Boost  
  27  2:15  Drone x2  
  27  2:22  Drone  
  29  2:23  Drone  
  30  2:39  Hatchery  
  29  2:45  Drone, Overlord  
  29  2:49  Drone  
  31  2:52  Drone  
  31  2:54  Drone  
  31  2:56  Drone  
  34  3:03  Queen  
  36  3:12  Drone  
  37  3:21  Drone x5  
  37  3:22  Drone x2  
  44  3:30  Overlord x2  
  44  3:37  Overlord  
  44  3:43  Overlord  
  44  3:49  Drone x2  
  44  3:50  Drone x2  
  44  3:53  Spore Crawler  
  47  3:58  Lair  
  47  4:03  Spore Crawler  
  47  4:07  Spore Crawler  
  47  4:08  Drone x7  
  52  4:17  Extractor  
  52  4:19  Drone x3, Extractor  
  52  4:20  Drone, Roach Warren  
  53  4:37  Drone x10  
  62  4:49  Overlord x3  
  62  4:53  Queen  
  62  4:54  Queen  
  66  5:01  Evolution Chamber  
  66  5:02  Baneling Nest  
  66  5:03  Overseer  
  63  5:14  Drone x8  
  64  5:20  Drone  
  72  5:26  Hatchery  
  71  5:30  Zerg Melee Weapons Level 1  
  71  5:36  Extractor  
  71  5:37  Extractor  
  71  5:38  Drone x3  
  71  5:39  Drone x3  
  74  5:53  Centrifical Hooks  
  74  5:55  Drone x5  
  79  5:58  Hydralisk Den  
  79  6:01  Infestation Pit  
  79  6:02  Overlord x2  
  79  6:03  Overlord  
  77  6:11  Roach x10  
  97  6:17  Pneumatized Carapace  
  97  6:32  Grooved Spines  
  97  6:34  Overlord  
  97  6:35  Hydralisk  
  97  6:36  Hydralisk x3  
  105  6:43  Drone x13  
  118  6:48  Hive  
  118  6:56  Lurker Den  
  117  7:06  Drone  
  118  7:16  Hydralisk x5  
  118  7:18  Overlord x11  
  126  7:26  Hydralisk  
  126  7:27  Hydralisk  
  127  7:45  Hydralisk  
  127  7:46  Hydralisk x5  
  127  7:47  Zergling x16  
  147  7:53  Drone x3, Spore Crawler  
  147  7:54  Spore Crawler  
  147  7:55  Spore Crawler  
  147  7:56  Extractor  
  147  7:57  Extractor  
  147  7:58  Drone, Extractor  
  145  8:04  Muscular Augments  
  145  8:06  Drone x2  
  145  8:07  Drone  
  145  8:09  Zerg Melee Weapons Level 2  
  148  8:23  Zergling x30  
  163  8:31  Overlord  
  161  8:52  Hydralisk x5  
  161  8:53  Hydralisk x8  
  163  9:11  Hydralisk x7, Hatchery, Extractor  
  163  9:15  Extractor  
  168  9:20  Hydralisk  
  168  9:21  Hydralisk x3  
  168  9:25  Hydralisk  
  168  9:26  Hydralisk  
  168  9:28  Overlord x3  
  170  9:35  Hydralisk x3  
  158  9:40  Adaptive Talons  
  142  9:47  Hydralisk x3  
  147  9:55  Hatchery  
  147  9:56  Drone x3  
  147  9:57  Drone x2  
  147  9:58  Drone  
  152  10:04  Overseer x3  
  152  10:12  Zergling x4  
  152  10:13  Zergling x4  
  156  10:15  Overlord x2  
  156  10:16  Zergling x14  
  163  10:27  Zerg Missile Weapons Level 1  
  163  10:35  Spire  
  162  10:36  Spire  
  162  10:40  Hydralisk x6  
  162  10:41  Hydralisk x3  
  177  10:45  Baneling  
  177  10:46  Baneling x3  
  177  10:49  Zergling x4  
  166  10:59  Hydralisk  
  166  11:00  Hydralisk x8  
  166  11:03  Zergling x2  
  166  11:04  Zergling x6  
  163  11:10  Baneling x5  
  163  11:11  Baneling x2  
  161  11:13  Drone x2  
  163  11:30  Baneling x4  
  163  11:40  Baneling  
  163  11:41  Baneling x7  
  163  11:43  Hydralisk x14  
  189  12:03  Zerg Flyer Armor Level 1, Zerg Flyer Weapons Level 1, Corruptor x3  
  195  12:21  Zergling x2  
  195  12:22  Zergling x2  
  194  12:23  Overlord  
  194  12:25  Zerg Missile Weapons Level 2  
  194  12:28  Zergling x26  
  194  12:29  Zergling x12  
  183  12:32  Hydralisk  
  183  12:33  Hydralisk  
  181  12:39  Corruptor x2  
  185  12:55  Overseer  
  184  12:59  Overseer x3  
  184  13:00  Overseer x3  
  184  13:04  Hatchery  
  184  13:05  Baneling x5  
  183  13:06  Baneling x12  
  183  13:08  Hydralisk  
  185  13:18  Zergling x2  
  185  13:19  Zergling x16  
  185  13:29  Viper x3  
  185  13:30  Viper  
  197  13:42  Baneling x4  
  193  13:58  Hydralisk x3  
  196  14:03  Zerg Flyer Weapons Level 2, Zerg Flyer Armor Level 2  
  192  14:10  Zergling x14  
  199  14:19  Overseer  
  199  14:23  Overseer  
  191  15:04  Corruptor  
  191  15:05  Corruptor x6  
  200  15:08  Baneling  
  200  15:09  Baneling x12  
  200  15:16  Baneling x3  
  200  15:20  Extractor  
  200  15:21  Extractor  
  198  15:22  Hydralisk  
  198  15:25  Zerg Missile Weapons Level 3  
  199  15:30  Evolution Chamber  
  199  15:35  Zergling x14  
  191  16:09  Corruptor x5  
  173  16:22  Hydralisk  
  173  16:23  Hydralisk x25  
  173  16:24  Hydralisk  
  199  16:30  Greater Spire, Zerg Flyer Armor Level 3  
  195  16:36  Hydralisk x2  
  198  16:41  Baneling  
  198  16:46  Zerg Ground Armor Level 1  
  198  17:17  Corruptor x11  
  198  17:22  Extractor, Hatchery  
  197  17:48  Brood Lord x3  
  197  17:49  Brood Lord x5  
  191  17:51  Corruptor x4  
  191  17:57  Hatchery  
  198  18:11  Overlord x2  
  192  18:20  Corruptor  
  164  18:41  Corruptor  
  164  18:42  Corruptor  
  161  18:49  Corruptor  
  151  19:06  Drone x6  
Show
View Real Time Build Order
Export as new Build Order

LastHorizon Protoss 

Build Orders: 1 Gate Expand, Oracle Opening, Phoenix Opening, Carriers 

Get SALT Encoding   

  12  0:01  Probe  
  13  0:13  Probe  
  14  0:18  Pylon  
  14  0:25  Probe  
  15  0:33  Probe  
  15  0:40  Gateway  
  15  0:41  Probe  
  16  0:48  Assimilator  
  17  0:51  Probe  
  18  1:03  Probe  
  19  1:15  Probe  
  20  1:25  Nexus  
  20  1:37  Cybernetics Core  
  20  1:40  Probe  
  20  1:45  Assimilator  
  21  1:52  Probe  
  22  1:54  Pylon  
  22  2:04  Probe, Adept  
  25  2:16  Probe  
  25  2:21  Stargate  
  26  2:24  Probe  
  26  2:28  Warp Gate  
  27  2:33  Probe  
  27  2:34  Probe, Adept  
  29  2:42  Probe  
  31  2:45  Probe  
  33  2:52  Probe  
  33  2:56  Phoenix  
  33  2:57  Probe  
  35  3:04  Probe  
  38  3:09  Probe  
  39  3:16  Probe  
  39  3:19  Pylon  
  40  3:21  Probe  
  40  3:26  Oracle  
  42  3:30  Gateway  
  42  3:31  Probe  
  42  3:33  Assimilator  
  43  3:36  Assimilator, Probe  
  43  3:38  Adept  
  46  3:43  Probe  
  46  3:48  Probe  
  48  3:51  Stargate  
  48  3:55  Probe  
  48  4:00  Probe  
  50  4:05  Pylon  
  50  4:07  Probe  
  51  4:12  Probe  
  52  4:21  Probe  
  52  4:23  Oracle  
  56  4:24  Probe  
  56  4:25  Pylon  
  57  4:39  Probe  
  58  4:47  Probe  
  58  4:49  Fleet Beacon  
  58  4:50  Gateway  
  58  4:54  Gateway  
  58  4:56  Zealot  
  60  5:02  Nexus  
  60  5:03  Probe  
  60  5:04  Probe  
  62  5:07  Pylon  
  62  5:12  Protoss Air Weapons Level 1  
  62  5:14  Pylon  
  62  5:15  Probe  
  62  5:17  Probe  
  64  5:24  Tempest  
  64  5:27  Probe  
  65  5:29  Probe  
  65  5:34  Tempest  
  71  5:39  Probe  
  71  5:41  Probe  
  78  5:50  Sentry x2  
  78  5:51  Probe  
  78  5:53  Probe  
  84  5:59  Carrier  
  84  6:03  Probe  
  85  6:04  Carrier  
  85  6:05  Probe, Pylon  
  85  6:06  Pylon  
  85  6:09  Pylon  
  86  6:15  Probe  
  99  6:26  Probe  
  99  6:28  Assimilator, Probe  
  99  6:31  Assimilator  
  101  6:44  Probe x3  
  104  6:53  Forge  
  104  6:56  Probe x2  
  104  6:58  Probe  
  107  7:02  Pylon  
  107  7:04  Pylon  
  107  7:10  Gateway  
  107  7:11  Nexus  
  107  7:12  Gateway  
  107  7:14  Pylon  
  107  7:15  Pylon  
  107  7:23  Protoss Ground Weapons Level 1  
  107  7:24  Carrier  
  107  7:25  Carrier  
  119  7:38  Probe  
  119  7:42  Photon Cannon  
  120  7:45  Mothership, Photon Cannon  
  120  7:47  Photon Cannon  
  120  7:49  Shield Battery, Twilight Council  
  120  7:51  Shield Battery  
  128  8:11  Zealot x3  
  134  8:16  Carrier  
  134  8:18  Zealot x3  
  131  8:33  Sentry  
  138  8:38  Charge  
  138  8:39  Zealot  
  140  8:42  Pylon  
  140  8:45  Pylon  
  140  8:48  Pylon  
  140  8:50  Pylon  
  140  8:53  Zealot  
  138  9:01  Zealot  
  138  9:02  Adept x3  
  133  9:03  Adept  
  125  9:18  Zealot  
  125  9:22  Carrier  
  125  9:23  Probe  
  130  9:28  Zealot x3  
  129  9:41  Zealot  
  129  9:42  Zealot x2  
  131  9:49  Zealot  
  131  9:54  Probe  
  131  9:57  Probe  
  131  9:58  Probe  
  134  10:04  Zealot x5  
  142  10:11  Probe x2  
  144  10:22  Zealot  
  144  10:28  Gateway  
  146  10:30  Probe  
  146  10:34  Zealot x4  
  155  10:36  Nexus  
  155  10:37  Pylon  
  155  10:41  Photon Cannon  
  155  10:47  Robotics Facility  
  155  11:01  Zealot x3  
  155  11:02  Zealot x2  
  163  11:11  Protoss Ground Weapons Level 2  
  163  11:12  Pylon  
  163  11:16  Templar Archives  
  163  11:24  Probe x2  
  165  11:28  Probe  
  165  11:30  Observer  
  166  11:36  Probe  
  166  11:37  Probe  
  169  11:45  Probe  
  170  11:48  Observer  
  170  11:52  Probe  
  170  11:53  Probe  
  168  11:54  Protoss Air Weapons Level 2  
  168  11:56  Assimilator  
  168  11:57  Probe  
  168  11:58  Assimilator  
  168  12:00  Probe  
  163  12:01  Probe  
  165  12:16  Zealot x3  
  165  12:17  Zealot x4  
  165  12:18  Probe  
  165  12:19  Probe  
  165  12:20  Probe  
  163  12:24  Psionic Storm  
  147  12:33  Probe x2  
  147  12:34  Probe  
  147  12:37  Probe  
  147  12:40  Warp Prism  
  147  12:41  Probe x2  
  147  12:42  Probe  
  149  12:48  Photon Cannon  
  149  12:49  Probe  
  155  12:54  High Templar x4  
  159  13:28  High Templar x2  
  159  13:29  Zealot x5  
  173  13:35  Gateway  
  173  13:38  Probe  
  173  13:39  Gateway, Probe  
  173  13:41  Gateway  
  173  13:42  Probe  
  173  13:47  Probe x2  
  177  13:54  Zealot x3  
  184  14:02  Probe  
  181  14:05  Probe x2  
  181  14:07  Probe  
  168  14:12  Photon Cannon  
  168  14:13  Probe  
  168  14:17  Probe  
  168  14:18  Probe  
  168  14:19  Probe  
  172  14:24  Probe  
  172  14:30  Probe  
  168  14:45  High Templar x6  
  170  14:46  High Templar x4  
  186  14:56  Carrier x2  
  174  15:10  Archon x4  
  174  15:16  Archon  
  174  15:22  Probe x3  
  174  15:26  Probe  
  175  15:34  Probe x3  
  175  15:35  Probe  
  163  15:38  Photon Cannon  
  163  15:39  Pylon  
  163  15:40  Pylon  
  164  15:49  High Templar x6  
  176  15:55  Archon x2  
  176  15:56  Archon  
  174  16:04  Zealot x4  
  157  16:24  Zealot x7  
  161  16:32  High Templar x2  
  161  16:33  Probe x2  
  165  16:40  Archon  
  165  16:45  Probe x3  
  165  16:49  Probe  
  169  16:55  Probe x3  
  169  17:01  Probe  
  173  17:06  Probe  
  174  17:14  Nexus  
  174  17:17  Pylon  
  174  17:21  Photon Cannon  
  170  17:25  Photon Cannon  
  162  17:38  Stalker  
  162  17:39  Stalker x3  
  170  17:46  Zealot  
  178  17:59  Photon Cannon  
  178  18:09  Zealot  
  178  18:10  Zealot x3  
  186  18:13  Pylon  
  164  18:55  Stalker x5  
  142  18:56  Stalker x3  
  136  19:04  Zealot  
Tags
 
Add a new tag
Caveats
  • Supply blocks, unpowered buildings, or Contaminate may cause inaccurate times.
  • Supply counts are checked every 10 seconds.